 Dungeon Crawl Stone Soup version 0.31.0-12-g77e489cdc1 (webtiles) character file.

Game seed: 2814629978292128088

21 monsoonserge the Covert (level 2, -2/16 HPs)
             Began as a Spriggan Delver on Feb 21, 2024.
             Was an Initiate of Ru.
             Slain by a human zombie (7 damage)
             ... in an ossuary.
             The game lasted 00:04:40 (444 turns).

monsoonserge the Covert (Spriggan Delver)            Turns: 444, Time: 00:04:41

Health: -2/16      AC:  2    Str:  8    XL:     2   Next: 65%
Magic:  3/3        EV: 17    Int: 11    God:    Ru [......]
Gold:   0          SH:  0    Dex: 16    Spells: 1/1 levels left

rFire   + . .        a - +0 short sword
rCold   + . .        (no shield)
rNeg    . . .        b - +0 robe
rPois   +            (helmet restricted)
rElec   +            (no cloak)
rCorr   +            (gloves unavailable)
SInv    +            (boots unavailable)
Will    .....        (no amulet)
Stlth   ++++         (no ring)
HPRegen 0.22/turn    (no ring)
MPRegen 0.08/turn

%: no passive effects
@: resistant, very quick
A: very small, no large weapons, unfitting armour, see invisible, speed 3
a: Renounce Religion


You were in an ossuary.
You worshipped Ru.
Ru was noncommittal.
You visited 2 branches of the dungeon, and saw 3 of its levels.
You also visited: Ossuary.

Inventory:

Hand Weapons
 a - a +0 short sword (weapon)
Missiles
 i - a throwing net (quivered)
Armour
 b - a +0 robe (worn)
Wands
 g - a wand of digging (3)
Scrolls
 c - a scroll of fog
 d - a scroll of revelation
 e - a scroll of fear
 j - a scroll of identify {unknown}
Potions
 f - a potion of haste
 h - a potion of berserk rage {unknown}
 k - 2 potions of resistance
 l - 2 potions of enlightenment {unknown}
 m - 2 potions of attraction {unknown}


   Skills:
 + Level 2.6 Fighting
 + Level 2.4 Short Blades
 + Level 2.7 Dodging
 - Level 8.0 Stealth


You had one spell level left.
You didn't know any spells.
Your spell library was empty.

Dungeon Overview and Level Annotations

Branches:
Dungeon (5/15)             Temple (1/1) D:4         Ossuary (1/1)

Altars:
Cheibriados
Elyvilon
Gozag
Hepliaklqana
Kikubaaqudgha
Makhleb
Nemelex Xobeh
Okawaru
Qazlal
Ru
Vehumet
Wu Jian
Yredelemnul
Zin

Shops:
D:4 :

Annotations:
D:4 1 runed translucent door, Eustachio, Grinder


Innate Abilities, Weirdness & Mutations

You are very small and have problems with some larger weapons.
You are too small for most types of armour.
You have supernaturally acute eyesight. (SInv)
You cover ground extremely quickly. (Speed+++)


Message History

The human zombie closely misses you.
You barely miss the human zombie.
The human zombie is lightly damaged.
The human zombie barely misses you.
You hit the human zombie.
The human zombie is moderately damaged.
You hit the human zombie.
The human zombie is moderately damaged.
The human zombie hits you.
You hit the human zombie.
The human zombie is moderately damaged.
The human zombie misses you.
You barely miss the human zombie.
The human zombie is moderately damaged.
You closely miss the human zombie.
The human zombie is moderately damaged.
The human zombie hits you.
You hit the human zombie.
The human zombie is heavily damaged.
The human zombie misses you.
You hit the human zombie but do no damage.
The human zombie is heavily damaged.
The human zombie misses you.
You hit the human zombie but do no damage.
The human zombie is heavily damaged.
Okay, then.
You hit the human zombie but do no damage.
The human zombie is heavily damaged.
The human zombie hits you.
Unknown command.
You hit the human zombie.
The human zombie is heavily damaged.
The human zombie closely misses you.
You hit the human zombie.
The human zombie is severely damaged.
The human zombie hits you.
It was a potion of resistance.
You feel protected. The human zombie hits you!
You die...

###################
...∩...Z......ZZ@.#
.Z............M#..#
.#####.........####
................Z.#
..................#
...........##.....#
...........##.....#
..................#
..................#


You could see a mummy, a rat zombie, a hound zombie and a human zombie.

Vanquished Creatures
  A gnoll (D:4)
  A ribbon worm zombie (D:4)
  2 quokkas (D:4)
  A jackal zombie (Ossuary)
  A rat zombie (Ossuary)
6 creatures vanquished.

Notes
Turn   | Place    | Note
-------+----------+-------------------------------------------
     0 | D:5      | monsoonserge the Spriggan Delver began the quest for the
                  | Orb.
     0 | D:5      | Reached XP level 1. HP: 11/11 MP: 2/2
     8 | D:5      | Noticed an orc wizard
    10 | D:5      | Noticed an orc warrior
    29 | D:4      | Found Vupnyz's Vocational Training.
    31 | D:4      | Reached XP level 2. HP: 16/16 MP: 3/3
    41 | D:4      | Found a runed translucent door.
   129 | D:4      | Found a staircase to the Ecumenical Temple.
   131 | D:4      | Noticed Grinder
   138 | Temple   | Entered the Ecumenical Temple
   157 | Temple   | Became a worshipper of Ru the Awakened
   179 | D:4      | Paralysed by Grinder for 3 turns
   227 | D:4      | Noticed Eustachio
   288 | D:4      | Found a sand-covered staircase.
   304 | D:4      | Reached skill level 8 in Stealth
   304 | D:4      | Noticed a crimson imp
   305 | Ossuary  | Entered an ossuary
   444 | Ossuary  | Slain by a human zombie

Illustrated notes

Levels and vault maps discovered:
D:4:      cheibrodos_quashed, layout_basic,
          minmay_temple_entry_statues_fountains, ebering_ghost_sewer_d,
          enter_ossuary_3, nicolae_shop_vocational, uniq_eustachio,
          uniq_menkaure, uniq_grinder
D:5:      layout_basic, mainiacjoe_overflow_chevrons, overflow_temple_1_default,
          serial_shops, shop
Temple:   nicolae_temple_superstar
Ossuary:  ossuary_minmay_tomb_2a

Skill      XL: |  1  2 |
---------------+-------+-----
Stealth        | 8 |  8.0
Fighting       | |  2.6
Short Blades   | |  2.4
Dodging        | |  2.7

Action                     || total
---------------------------++-------
  Melee: Short sword       ||    53
         Punch             ||     1
  Throw: Throwing net      ||     1
    Use: Potion            ||     1
   Stab: Sleeping          ||     3
 Armour: Robe              ||    19
  Dodge: Dodged            ||    56
